 Dungeon Crawl Stone Soup version 0.28-a0-537-g3bccd9ccbf (webtiles) character file.

Game seed: 17499677924667674232

49 Zenkrye the Caller (level 3, -14/15 HPs)
             Began as a Felid Summoner on Sept 27, 2021.
             Was an Initiate of Gozag.
             Blown up by Ijyb (29 damage)
             ... with a mindburst bolt
             ... on level 3 of the Dungeon.
             The game lasted 00:07:03 (2494 turns).

Zenkrye the Caller (Felid Summoner)                 Turns: 2494, Time: 00:07:03

Health: -14/15     AC:  1    Str:  4    XL:     3   Next: 51%
Magic:  7/7        EV: 18    Int: 17    God:    Gozag
Gold:   172        SH:  0    Dex: 16    Spells: 3/6 levels left
                                        Lives:  0   Deaths: 0

rFire   . . .      SeeInvis +   (weapon unavailable)
rCold   . . .      Faith    .   (shield unavailable)
rNeg    . . .      Spirit   .   (armour unavailable)
rPois   .          Reflect  .   (helmet unavailable)
rElec   .          Harm     .   (cloak unavailable)
rCorr   .          Rampage  .   (gloves unavailable)
Will    .....                   (boots unavailable)
Stlth   ++........              (no amulet)
HPRegen 0.05/turn               (no ring)
MPRegen 0.10/turn               (no ring)

@: quick
A: very small, claws 1, fangs 3, see invisible, speed 1, shaggy fur 1, stealthy
paws, no weapons or thrown items, no armour, multi-lived
a: Renounce Religion, Potion Petition, Call Merchant, Bribe Branch


You were on level 3 of the Dungeon.
You worshipped Gozag.
Gozag was aware of your devotion.
You visited 1 branch of the dungeon, and saw 3 of its levels.

You collected 218 gold pieces.
You paid 46 gold pieces to Gozag.

Inventory:

Wands
 f - a wand of iceblast (6) {@v4}
Scrolls
 a - a scroll of noise {unknown}
 b - a scroll of identify {unknown}
 c - a scroll of torment {unknown}
 d - a scroll of acquirement {unknown}
 e - a scroll of summoning {unknown}
Potions
 g - 2 potions of curing {unknown}
 h - a potion of attraction {unknown}
 i - a potion of degeneration {unknown}
 j - a potion of heal wounds {unknown}


   Skills:
 - Level 0.6 Fighting
 + Level 3.5 Dodging
 - Level 2.6 Stealth
 + Level 2.4 Spellcasting
 + Level 4.4 Summonings
 + Level 0.3 Air Magic
 + Level 0.2 Poison Magic


You had 3 spell levels left.
You knew the following spells:

 Your Spells              Type           Power      Damage    Failure   Level
a - Summon Small Mammal   Summ           68%        N/A       3%          1
z - Poisonous Vapours     Pois/Air       6%         N/A       24%         2

Your spell library contained the following spells:

 Spells                   Type           Power      Damage    Failure   Level
 Call Imp                 Summ           17%        N/A       4%          2
 Call Canine Familiar     Summ           17%        N/A       9%          3
 Sting                    Tmut/Pois      8%         1d3       17%         1
 Beastly Appendage        Tmut           4%         N/A       19%         1
 Summon Guardian Golem    Hex/Summ       9%         N/A       22%         3
 Slow                     Hex            2%         N/A       28%         2
 Wereblood                Tmut           2%         N/A       28%         2
 Mephitic Cloud           Conj/Pois/Air  2%         N/A       45%         3
 Spider Form              Tmut/Pois      1%         N/A       45%         3
 Ignite Poison            Fire/Tmut/Pois 2%         N/A       47%         3
 Confusing Touch          Hex            2%         N/A       50%         3
 Vampiric Draining        Necr           1%         2d6       50%         3
 Summon Lightning Spire   Summ/Air       10%        N/A       56%         4
 Olgreb's Toxic Radiance  Pois           3%         N/A       86%         4
 Freezing Cloud           Conj/Ice/Air   1%         6-21      99%         5


Dungeon Overview and Level Annotations

Branches:
Dungeon (3/15)

Altars:
Gozag

Annotations:
D:3 Ijyb, Natasha


Innate Abilities, Weirdness & Mutations

You have sharp claws.
You have razor-sharp teeth.
You have supernaturally acute eyesight. (SInv)
You cover ground quickly. (Speed+)
You are covered in fur. (AC +1)
Your paws help you pounce on unaware monsters.
You are incapable of wielding weapons or throwing items.
You cannot wear armour.
You gain extra lives every three experience levels.


Message History

Your bat struggles to escape constriction. x2
The ball python bites your bat. The ball python constricts your bat.
Your bat dies!
Your bat's corpse disappears in a puff of smoke!
Casting: Summon Small Mammal (safe; 3% risk of failure)
Confirm with . or Enter, or press ? or * to list all spells.
Okay, then.
Unknown command.
What are your orders? t - Meow!
Orders for allies: a - Attack new target. r - Retreat! s - Stop attacking. g - Guard the area. f - Follow me.
Anything else - Cancel.
Gang up on whom?
Press: ? - help, Dir - move target, f - ball python
Aim: a ball python (moderately wounded, ally target) Attack!
The ball python completely misses you. The ball python misses you.
Your quokka bites the ball python.
The ball python dies!
Unknown command.
Unknown command.
You now have 166 gold pieces (gained 4).
You now have 172 gold pieces (gained 6).
There is an open door here.
Your quokka disappears in a puff of smoke!
You see here a +0 fustibalus.
Found a hand axe.
You open the door.
There is an open door here.
Found a stone staircase leading up.
Found a stone staircase leading down.
Ijyb and Natasha come into view.
Ijyb is wielding a +1 dagger of venom and carrying a wand of mindburst (9).
Found an escape hatch in the floor.
Ijyb shouts!
You hear a shout!
Ijyb zaps a wand.
Your mind is blasted!
Ouch! That really hurt!
You die...

...........#
...........#
#########..#
#..## #...#
#...# #...#
#...# #..@#
#.........g
#..........
.<..#.......
..#..
.>.....
#..#..
....... #.
+.. ......h
. #..
>......


You could see Ijyb and Natasha (wandering).

Vanquished Creatures
  A dart slug (D:2)
  2 giant cockroaches (D:2)
  2 goblins (D:2)
  A hobgoblin (D:2)
6 creatures vanquished.

Vanquished Creatures (collateral kills)
  A gnoll (D:1)
  An adder (D:2)
  3 hobgoblins
  2 jackals (D:1)
  2 kobolds (D:2)
  2 quokkas
  2 ball pythons
  3 bats (D:2)
  3 frilled lizards
  3 rats
22 creatures vanquished.

Grand Total: 28 creatures vanquished

Notes
Turn   | Place    | Note
-------+----------+-------------------------------------------
     0 | D:1      | Zenkrye the Felid Summoner began the quest for the Orb.
     0 | D:1      | Reached XP level 1. HP: 7/7 MP: 4/4
   671 | D:2      | Found an opulent altar of Gozag.
   749 | D:2      | Reached XP level 2. HP: 12/12 MP: 1/6
   815 | D:2      | Learned a level 2 spell: Poisonous Vapours
  1350 | D:2      | Reached XP level 3. HP: 15/15 MP: 5/7
  1487 | D:1      | Found a faded altar of an unknown god.
  2235 | D:2      | Became a worshipper of Gozag Ym Sagoz the Greedy
  2494 | D:3      | Noticed Ijyb
  2494 | D:3      | Noticed Natasha
  2494 | D:3      | Blown up by Ijyb

Illustrated notes

Levels and vault maps discovered:
D:1:      lightli_arrival_isolated_outpost, layout_basic,
          hellmonk_ecumenical_altar_lost_god, serial_co_window_serial,
          co_window_paths_b, co_window_paths_b, co_window_of_opportunity_a,
          co_window_paths_a, co_window_corner_a, co_window_corner_cb,
          co_window_paths_c, co_window_broadway_a, glass_columns_c,
          glass_columns_c, glass_columns_a, glass_columns_c, glass_columns_c,
          corexii_item_surrounded_by_moat
D:2:      minmay_general_purpose_star, layout_loops_ring, basic_altar
D:3:      layout_basic, kennysheep_generic_room_4, uniq_ijyb, uniq_natasha

Skill      XL: |  1 |
---------------+----+-----
Dodging        | 3 |  3.5
Fighting       | |  0.6
Stealth        | |  2.6
Spellcasting   | |  2.4
Summonings     | |  4.4
Air Magic      | |  0.3
Poison Magic   | |  0.2

Action                   || total
-------------------------++-------
Melee: Unarmed           ||    22
       Bite              ||     2
 Cast: Summon Small Mamm ||    53
       Poisonous Vapours ||     1
Armor: Skin              ||     4
Dodge: Dodged            ||    46

Table legend: (Time is in decaauts)
 A = Elapsed time spent in this place.
 B = Non-inter-level travel time spent in this place.
 C = Inter-level travel time spent in this place.
 D = Time resting spent in this place.
 E = Time spent auto-exploring this place.
 F = Levels seen in this place.
 G = Mean time per level.
                   A        B        C        D        E       F      G
               +--------+--------+--------+--------+--------+-----+--------+
         Total |   2177 |   2038 |    139 |      0 |   1660 |   3 |  725.7 |
       Dungeon |   2177 |   2038 |    139 |      0 |   1660 |   3 |  725.7 |
               +--------+--------+--------+--------+--------+-----+--------+

Top non-repeatable levels by time:
     D:2: 1051 daAuts
     D:1: 915 daAuts
     D:3: 210 daAuts
